 Dungeon Crawl Stone Soup version 0.29.1-15-g9cfb28693d (webtiles) character file.

Game seed: 2278754858693901486

419 javelincjr the Magician (level 6, 0/44 (46) HPs)
             Began as a Demonspawn Hedge Wizard on Apr 6, 2023.
             Was an Initiate of Yredelemnul.
             Slain by a wight
             ... wielding a +0 halberd
              (16 damage)
             ... in an ossuary on Apr 7, 2023.
             The game lasted 00:16:08 (3841 turns).

javelincjr the Magician (Demonspawn Hedge Wizard)   Turns: 3841, Time: 00:16:09

HP:   0/44 (46)     AC:  2    Str: 18    XL:     6   Next: 62%
MP:   18/21         EV: 12    Int: 15    God:    Yredelemnul [......]
Gold: 125           SH:  4    Dex: 13    Spells: 8/13 levels left

rFire   . . .      SeeInvis +   x - +2 short sword (vamp)
rCold   . . .      Faith    .   (no shield)
rNeg    . . .      Spirit   .   b - +0 robe
rPois   .          Reflect  .   (helmet unavailable)
rElec   .          Harm     .   (no cloak)
rCorr   .          Rampage  .   (no gloves)
Will    .....                   (no boots)
Stlth   ++........              (no amulet)
HPRegen 0.14/turn               i - +6 ring of strength
MPRegen 0.34/turn               k - ring of magical power

@: lightly drained
A: antennae 3, large bone plates 1, magic regeneration
a: Renounce Religion, Recall Undead Harvest


You were in an ossuary.
You worshipped Yredelemnul.
Yredelemnul was noncommittal.
You visited 1 branch of the dungeon, and saw 5 of its levels.
You also visited: Ossuary.

You collected 125 gold pieces.

Inventory:

Hand Weapons
 a - a +0 dagger
 j - a +0 dagger of speed
 s - a +1 long sword of freezing
 x - a +2 vampiric short sword (weapon)
Armour
 b - a +0 robe (worn)
 c - a +0 hat
 r - a +0 kite shield
Magical Staves
 p - a staff of air
Jewellery
 i - a +6 ring of strength (left hand)
 k - a ring of magical power (right hand)
Wands
 w - a wand of charming (7)
 z - a wand of flame (13)
Scrolls
 g - 2 scrolls of teleportation {unknown}
 h - 2 scrolls of immolation {unknown}
 l - 2 scrolls of vulnerability {unknown}
 m - 2 scrolls of summoning {unknown}
 n - a scroll of magic mapping {unknown}
 o - a scroll of amnesia {unknown}
 u - a scroll of fear {unknown}
 v - a scroll of fog {unknown}
 y - 2 scrolls of identify {unknown}
Potions
 d - a potion of magic
 e - a potion of haste {unknown}
 f - a potion of resistance {unknown}
 q - 2 potions of curing
 t - 2 potions of degeneration {unknown}


   Skills:
 * Level 2.7 Fighting
 + Level 1.5 Armour
 + Level 2.5 Dodging
 - Level 1.7 Stealth
 + Level 1.4 Shields
 * Level 4.0 Spellcasting
 + Level 2.2 Conjurations
 + Level 2.1 Summonings
 + Level 1.9 Translocations
 + Level 1.2 Air Magic


You had 8 spell levels left.
You knew the following spells:

 Your Spells              Type           Power      Damage    Failure   Level
a - Magic Dart            Conj           36%        1d4       7%          1
b - Call Imp              Summ           9%         N/A       12%         2
c - Blink                 Tloc           16%        N/A       12%         2

Your spell library contained the following spells:

 Spells                   Type           Power      Damage    Failure   Level
 Slow                     Hex            12%        N/A       19%         1
 Mephitic Cloud           Conj/Pois/Air  6%         N/A       32%         3
 Conjure Flame            Conj/Fire      6%         6-21      34%         3
 Summon Guardian Golem    Hex/Summ       6%         N/A       34%         3
 Orb of Destruction       Conj           4%         9d5       100%        7
 Spellforged Servitor     Conj/Summ      4%         N/A       100%        7


Dungeon Overview and Level Annotations

Branches:
Dungeon (7/15)            Ossuary (1/1)
 Temple: D:4-7

Altars:
Yredelemnul

Shops:
D:3 =


Innate Abilities, Weirdness & Mutations

You have a pair of large antennae on your head. (SInv)
You are partially covered in large bone plates. (SH +4)
You regenerate magic rapidly.


Message History

The orc skeleton hits you but does no damage.
You hit the orc skeleton.
You destroy the orc skeleton!
There is an open door here.
Casting: Magic Dart (safe; 7% risk of failure)
Confirm with . or Enter, or press ? or * to list all spells.
You miscast Call Imp.
You are very lightly contaminated with residual magic.
Nothing appears to happen.
Casting: Call Imp (safe; 12% risk of failure)
Confirm with . or Enter, or press ? or * to list all spells.
A beastly little devil appears in a puff of frigid air.
Your white imp says, "I'm here!"
You open the door.
A wight comes into view. It is wielding a +0 halberd.
The wight hits you from afar with a +0 halberd!
Your white imp gestures at the wight.
The puff of frost hits the wight.
The wight resists.
You swap places.
The wight hits your white imp from afar with a +0 halberd!
Your white imp dies!
Your white imp disappears in a puff of smoke!
Casting: Call Imp (safe; 12% risk of failure)
Confirm with . or Enter, or press ? or * to list all spells.
A beastly little devil appears in a puff of flame.
You block the wight's attack. The wight barely misses you.
Your crimson imp barely misses the wight.
Your magical contamination has completely faded away.
You hit the wight but do no damage.
The wight is lightly damaged.
The wight hits you with a +0 halberd!
You feel drained.
Your crimson imp hits the wight but does no damage.
The wight hits you with a +0 halberd.
You barely miss the wight.
The wight is lightly damaged.
Your crimson imp closely misses the wight.
The wight hits you with a +0 halberd!
You die...
Your body rises from the dead as a mindless zombie.

#+# #.# {+.+{ #.# {+.+{
#.### {+5z.# ###@###
#.'.'.# ###.### #.'.'.#
# ###'### ## ##...##
.### ####.....##
...###### #.#.......##
∩...#...###..........##


You could see a wight (ally target) and a friendly crimson imp (summoned).

Vanquished Creatures
  An ogre (D:4)
  A phantom (D:4)
  A scorpion (D:4)
  A hound (D:4)
  An orc wizard (D:4)
  An adder (D:3)
  A worm (D:3)
  2 dart slugs (D:2)
  2 orcs (D:4)
  5 bats
  5 endoplasms
  3 giant cockroaches
  2 goblins
  2 hobgoblins (D:1)
  2 jackals (D:2)
  2 quokkas
  10 ball pythons
  2 frilled lizards (D:2)
  A hobgoblin skeleton (Ossuary)
  5 kobolds
  An orc skeleton (Ossuary)
  5 rats
56 creatures vanquished.

Vanquished Creatures (collateral kills)
  A scorpion (D:4)
  An adder (D:2)
  An adder zombie (Ossuary)
  A dart slug (D:1)
  2 orcs (D:4)
  A goblin (D:2)
  A kobold (D:1)
  An orc zombie (Ossuary)
  A rat (D:1)
10 creatures vanquished.

Vanquished Creatures (others)
  A scorpion zombie (D:4)
  An ogre zombie (D:4)
  A hound zombie (D:4)
  2 endoplasm zombies
  A giant cockroach zombie (D:2)
  2 kobold zombies (D:2)
  2 orc zombies (D:4)
  A rat zombie (D:2)
11 creatures vanquished.

Grand Total: 77 creatures vanquished

Notes
Turn   | Place    | Note
-------+----------+-------------------------------------------
     0 | D:1      | javelincjr the Demonspawn Hedge Wizard began the quest for
                  | the Orb.
     0 | D:1      | Reached XP level 1. HP: 13/13 MP: 4/4
   407 | D:1      | Reached skill level 1 in Translocations
   528 | D:1      | Gained mutation: You have a pair of small antennae on your
                  | head. [demonic ancestry]
   528 | D:1      | Reached XP level 2. HP: 20/20 MP: 4/6
   621 | D:1      | Found a faded altar of an unknown god.
   633 | D:1      | Prayed at the altar of an unknown god.
   633 | D:1      | Became a worshipper of Yredelemnul the Dark
   633 | D:1      | Reached * piety under Yredelemnul
  1451 | D:2      | Reached skill level 1 in Fighting
  1459 | D:2      | Gained mutation: You are partially covered in large bone
                  | plates. (SH +4) [demonic ancestry]
  1459 | D:2      | Reached XP level 3. HP: 23/26 MP: 7/7
  2410 | D:3      | Found Fistytti's One-of-a-Kind Rings.
  2660 | D:3      | Gained mutation: You have a pair of antennae on your head.
                  | [demonic ancestry]
  2660 | D:3      | Reached XP level 4. HP: 32/32 MP: 9/9
  2992 | D:4      | Noticed a scorpion
  3015 | D:4      | Killed a scorpion
  3016 | D:4      | Reached skill level 1 in Armour
  3023 | D:4      | Noticed a phantom
  3039 | D:4      | Noticed a scorpion
  3044 | D:4      | Killed a phantom
  3045 | D:4      | Reached skill level 1 in Shields
  3045 | D:4      | Gained mutation: You regenerate magic rapidly. [demonic
                  | ancestry]
  3045 | D:4      | Reached XP level 5. HP: 14/38 MP: 8/10
  3047 | D:4      | Reached skill level 1 in Air Magic
  3047 | D:4      | Gained mutation: You have a pair of large antennae on your
                  | head. (SInv) [demonic ancestry]
  3047 | D:4      | Reached XP level 6. HP: 3/46 MP: 9/11
  3328 | D:4      | Reached skill level 4 in Spellcasting
  3356 | D:4      | HP: 2/46 [orc/+0 hand axe (4)]
  3712 | D:4      | You fall into a shaft and drop 3 floors!
  3716 | D:7      | Learned a level 2 spell: Call Imp
  3719 | D:7      | Learned a level 2 spell: Blink
  3757 | D:7      | Found a sand-covered staircase.
  3770 | Ossuary  | Entered an ossuary
  3841 | Ossuary  | Slain by a wight

Illustrated notes

Levels and vault maps discovered:
D:1:      evilmike_arrival_rings, layout_rooms,
          hellmonk_ecumenical_altar_run_dry, minmay_small_reverse_x
D:2:      layout_rooms, minmay_tripent
D:3:      layout_rooms, nicolae_shop_unique_rings, minmay_unequal
D:4:      layout_basic, mainiacjoe_overflow_catwalk, pf_just_have_faith
D:7:      layout_cave_pods, nicolae_ossuary_entry_monument, serial_shops,
          nicolae_shop_hallway_plus
Ossuary:  ossuary_due_cavern

Skill      XL: |  1  2  3  4  5  6 |
---------------+-------------------+-----
Translocations | 1 |  1.9
Fighting       | 1 2 |  2.7
Dodging        | 2 |  2.5
Armour         | 1 |  1.5
Shields        | 1 |  1.4
Conjurations   | 2 |  2.2
Air Magic      | 1 |  1.2
Spellcasting   | 4 |  4.0
Summonings     | 2 |  2.1
Stealth        | |  1.7

Action                   |  1- 3 |  4- 6 || total
-------------------------+-------+-------++-------
Melee: Dagger            |    89 |       ||    89
       Punch             |     1 |     1 ||     2
       Long sword        |     5 |    37 ||    42
       Short sword       |       |    11 ||    11
 Cast: Magic Dart        |    83 |    29 ||   112
       Call Imp          |       |     5 ||     5
Invok: Recall Undead Har |     1 |     1 ||     2
  Use: Potion            |       |     1 ||     1
Armor: Robe              |    22 |     7 ||    29
Dodge: Dodged            |    66 |    40 ||   106
Block: Other             |     3 |    11 ||    14
